 Dungeon Crawl Stone Soup version 0.21.1-1-g345015fe64 (webtiles) character file.

100 olverbman the Shooter (level 5, -3/31 HPs)
             Began as a Kobold Hunter on June 14, 2018.
             Was an Initiate of Makhleb.
             Slain by raetorn's ghost (4 damage)
             ... on level 3 of the Dungeon.
             The game lasted 00:16:35 (1895 turns).

olverbman the Shooter (Kobold Hunter)               Turns: 1895, Time: 00:16:36

Health: -3/31      AC:  5    Str:  9    XL:     5   Next: 3%
Magic:  5/5        EV: 13    Int: 12    God:    Makhleb [......]
Gold:   109        SH:  0    Dex: 17    Spells: 4/4 levels left

rFire    . . .     SeeInvis .   a - +1 shortbow
rCold    . . .     Gourm    .   (shield currently unavailable)
rNeg     . . .     Faith    .   l - +0 ring mail
rPois    .         Spirit   .   (no helmet)
rElec    .         Reflect  .   (no cloak)
rCorr    .         Harm     .   (no gloves)
MR       .....                  (no boots)
Stlth    ++........             (no amulet)
HPRegen  0.10/turn              (no ring)
MPRegen  0.09/turn              (no ring)

@: no status effects
A: small, carnivore
a: Renounce Religion


You were on level 3 of the Dungeon.
You worshipped Makhleb.
Makhleb was noncommittal.
You were full.

You visited 1 branch of the dungeon, and saw 3 of its levels.

You collected 109 gold pieces.

Inventory:

Hand Weapons
 a - a +1 shortbow (weapon)
 b - a +0 short sword
Missiles
 d - 10 arrows (quivered)
Armour
 c - a +0 leather armour
 l - a +0 ring mail (worn)
Scrolls
 j - 2 scrolls of teleportation
Potions
 e - a potion of degeneration
 h - a potion of haste
 i - a potion of brilliance {unknown}
 k - a potion of flight {unknown}
Comestibles
 f - 4 rations


   Skills:
 + Level 2.7 Fighting
 * Level 5.5 Bows
 + Level 2.6 Dodging
 * Level 2.1 Stealth


You had 4 spell levels left.
You didn't know any spells.

Dungeon Overview and Level Annotations

Branches:
Dungeon (3/15)

Altars:
Makhleb
Uskayaw
Xom

Annotations:
D:3 raetorn's ghost, amateur GnSk


Innate Abilities, Weirdness & Mutations

You are small and have problems with some larger weapons.
You are carnivorous and can eat meat at any time.


Message History

Raetorn's ghost is lightly damaged.
Raetorn's ghost hits you!
* * * LOW HITPOINT WARNING * * *
Firing (i - inventory):
d - 12 arrows (quivered)
Press: ? - help, Shift-Dir - straight line, f/p - raetorn's ghost
Aim: raetorn's ghost (lightly damaged, shrouded, inner flame)
You shoot an arrow.
The arrow hits raetorn's ghost but does no damage.
Raetorn's ghost is lightly damaged.
Raetorn's ghost hits you!
* * * LOW HITPOINT WARNING * * *
Firing (i - inventory):
d - 11 arrows (quivered)
Press: ? - help, Shift-Dir - straight line, f/p - raetorn's ghost
Aim: raetorn's ghost (lightly damaged, shrouded, inner flame)
You shoot an arrow.
The arrow hits raetorn's ghost but does no damage.
Raetorn's ghost is lightly damaged.
Raetorn's ghost barely misses you. Raetorn's ghost hits you.
You die...

####### .(...##. #
...... #. ##...## ##
####. #..(.(# ...
#....##...(.# ..##
#.##.......(# ....#
#..........W##.....#
#.####.####.@......#
#..
#.##.....##........#
#.#
#.#.......#.##.....#
..# #.#.†.....#.#
.....# #.#
#....._.....# ....#
#.# #.#.......#.#
....# #.#
#.#.......#..# ...#
#.# #.##.....##...
...# #<##
#.####.####. #..#


You could see raetorn's ghost (inner flame).

Vanquished Creatures
  A hound (D:2)
  2 adders (D:2)
  4 worms (D:2)
  3 leopard geckos
  7 goblins
  4 hobgoblins
  3 jackals (D:1)
  5 kobolds
  2 bats
  3 frilled lizards
  4 rats
38 creatures vanquished.

Notes
Turn   | Place    | Note
-------+----------+-------------------------------------------
     0 | D:1      | olverbman the Kobold Hunter began the quest for the Orb.
     0 | D:1      | Reached XP level 1. HP: 12/12 MP: 1/1
    85 | D:1      | Reached XP level 2. HP: 18/18 MP: 2/2
   669 | D:1      | Reached XP level 3. HP: 22/22 MP: 3/3
  1083 | D:2      | Reached skill level 5 in Bows
  1083 | D:2      | Reached XP level 4. HP: 24/27 MP: 4/4
  1255 | D:2      | Found a hide-covered altar of Uskayaw.
  1547 | D:2      | Reached XP level 5. HP: 31/31 MP: 5/5
  1658 | D:2      | Found a burning altar of Makhleb.
  1668 | D:2      | Became a worshipper of Makhleb the Destroyer
  1855 | D:3      | Found a shimmering altar of Xom.
  1874 | D:3      | Noticed raetorn's ghost (amateur GnSk)
  1892 | D:3      | HP: 1/31 [raetorn's ghost (8)]
  1895 | D:3      | Slain by raetorn's ghost

Skill      XL: |  1  2  3 |
---------------+----------+-----
Bows           | 5 |  5.5
Stealth        | 2 |  2.1
Fighting       | |  2.7
Dodging        | |  2.6

Action                   |  1- 3 |  4- 6 || total
-------------------------+-------+-------++-------
 Fire: Shortbow          |    68 |    56 ||   124
  Use: Scroll            |     3 |     4 ||     7
       Potion            |     1 |       ||     1
  Eat: Chunk             |     6 |     1 ||     7
Armor: Leather armour    |     1 |       ||     1
       Ring mail         |     3 |     3 ||     6
Dodge: Dodged            |    17 |    16 ||    33
